 Dungeon Crawl Stone Soup version 0.29.1-13-g9f3cf754e1 (webtiles) character file.

Game seed: 11416399642446209011

128 Nickssm the Insei (level 5, 0/40 HPs)
             Began as a Gnoll Transmuter on Jan 24, 2023.
             Splashed by a jelly's acid (11 damage)
             ... on level 4 of the Dungeon.
             The game lasted 00:13:55 (2543 turns).

Nickssm the Insei (Gnoll Transmuter)                Turns: 2543, Time: 00:13:55

Health: 0/40       AC: -1    Str: 18    XL:     5   Next: 12%
Magic:  12/12      EV: 12    Int: 12    God:
Gold:   148        SH:  0    Dex: 12    Spells: 11/14 levels left

rFire   . . .      SeeInvis .   j - +1 dagger (speed)
rCold   . . .      Faith    .   (no shield)
rNeg    . . .      Spirit   .   k - +0 ring mail
rPois   .          Reflect  .   (no helmet)
rElec   .          Harm     .   i - +0 cloak
rCorr   .          Rampage  .   (no gloves)
Will    .....                   (no boots)
Stlth   +.........              (no amulet)
HPRegen 0.13/turn               x - +4 ring of slaying
MPRegen 0.13/turn               B - +6 ring of strength

@: corroded
A: fangs 1, strong nose, distributed training
a: no special abilities


You were on level 4 of the Dungeon.
You visited 1 branch of the dungeon, and saw 4 of its levels.

You collected 208 gold pieces.
You spent 60 gold pieces at shops.

Inventory:

Hand Weapons
 d - a +0 short sword
 e - a +0 whip
 j - a +1 dagger of speed (weapon)
Armour
 a - a +0 robe
 i - a +0 cloak (worn)
 k - a +0 ring mail (worn)
 C - a +0 leather armour
Magical Staves
 s - a staff of earth
 u - a staff of fire
Jewellery
 l - a ring of flight
 w - a +1 ring of slaying
 x - a +4 ring of slaying (left hand)
 y - a +6 ring of intelligence
 B - a +6 ring of strength (right hand)
Wands
 r - a wand of polymorph (9)
 t - a wand of quicksilver (12)
Scrolls
 c - a scroll of magic mapping {unknown}
 f - 7 scrolls of identify {unknown}
 m - 2 scrolls of teleportation {unknown}
 p - a scroll of blinking {unknown}
 v - a scroll of immolation {unknown}
 z - a scroll of enchant armour {unknown}
 A - a scroll of enchant weapon {unknown}
Potions
 b - 4 potions of lignification
 g - 3 potions of curing
 h - a potion of cancellation {unknown}
 n - 2 potions of flight {unknown}
 o - a potion of heal wounds {unknown}
 q - a potion of attraction {unknown}
 D - a potion of degeneration {unknown}


   Skills:
 + Level 2.9 Fighting
 + Level 1.4 Short Blades
 + Level 1.4 Long Blades
 + Level 1.4 Axes
 + Level 1.4 Maces & Flails
 + Level 1.4 Polearms
 + Level 1.4 Staves
 + Level 1.4 Ranged Weapons
 + Level 1.4 Throwing
 + Level 1.4 Armour
 + Level 4.7 Dodging
 + Level 1.4 Stealth
 + Level 1.4 Shields
 + Level 6.7 Unarmed Combat
 + Level 5.2 Spellcasting
 + Level 1.1 Conjurations
 + Level 1.1 Hexes
 + Level 1.1 Summonings
 + Level 1.1 Necromancy
 + Level 1.1 Translocations
 + Level 3.9 Transmutations
 + Level 1.1 Fire Magic
 + Level 1.1 Ice Magic
 + Level 1.1 Air Magic
 + Level 1.1 Earth Magic
 + Level 1.1 Poison Magic
 + Level 1.6 Invocations
 + Level 1.4 Evocations


You had 11 spell levels left.
You knew the following spells:

 Your Spells              Type           Power      Damage    Failure   Level
a - Beastly Appendage     Tmut           24%        N/A       7%          1
b - Wereblood             Tmut           12%        N/A       11%         2

Your spell library contained the following spells:

 Spells                   Type           Power      Damage    Failure   Level
 Apportation              Tloc           10%        N/A       22%         1
 Blink                    Tloc           10%        N/A       32%         2
 Spider Form              Tmut/Pois      9%         N/A       36%         3
 Lesser Beckoning         Tloc           5%         N/A       54%         3
 Ice Form                 Ice/Tmut       9%         N/A       77%         4
 Alistair's Intoxication  Tmut/Pois      6%         N/A       98%         5
 Manifold Assault         Tloc           5%         N/A       99%         5


Dungeon Overview and Level Annotations

Branches:
Dungeon (4/15)
 Temple: D:4-7

Altars:

Shops:
D:3 =


Innate Abilities, Weirdness & Mutations

You have very sharp teeth.
Your uncanny sense of smell can sniff out nearby items.
Your experience applies equally to all skills.


Message History

The giant cockroach is moderately wounded.
The giant cockroach closely misses you.
You hit the giant cockroach.
You kill the giant cockroach!
You completely miss the jelly. You hit the jelly. The acid corrodes you!
Your hands burn!
The jelly is moderately wounded.
The jelly hits you but does no damage.
You hit the jelly.
Your hands burn!
The jelly is heavily wounded.
The jelly barely misses you.
You hit the jelly.
Your hands burn!
The jelly is severely wounded.
You completely miss the jelly. Your punch misses the jelly.
You bite the jelly, but do no damage.
The jelly is severely wounded.
The jelly hits you. The acid corrodes you!
You are splashed with acid.
You hit the jelly but do no damage.
Your hands burn!
You bite the jelly.
The jelly is severely wounded.
You hit the jelly but do no damage.
Your hands burn!
The jelly is severely wounded.
The jelly hits you.
You are splashed with acid!
* * * LOW HITPOINT WARNING * * *
Okay, then.
Press: ? - help, v - describe, . - travel The floor.
You see here 4 stones.
The jelly attacks as you move away! The jelly closely misses you.
The jelly attacks as you move away! The jelly barely misses you.
There is an open door here.
The jelly attacks as you move away! The jelly misses you.
You see here 5 stones.
The jelly attacks as you move away! The jelly hits you.
* * * LOW HITPOINT WARNING * * *
You are splashed with acid!
* * * LOW HITPOINT WARNING * * *
It was a potion of curing.
You feel better. The jelly hits you.
* * * LOW HITPOINT WARNING * * *
You are splashed with acid!
You die...

#.# #.# ##.##
##...###
#......##
#####.(....##
##...#.....<.###
.......J........
##...#.@.....###
######.....##
#....##
#######.####
#.........#
#.#######.####
#.....#
#.###..... #.#
##.#


You could see a jelly.

Vanquished Creatures
  A jelly (D:3)
  An adder (D:2)
  2 worms (D:3)
  4 dart slugs
  6 orcs (D:3)
  4 bats
  7 endoplasms
  3 giant cockroaches
  6 goblins
  6 hobgoblins
  7 jackals
  2 quokkas (D:1)
  4 ball pythons
  3 frilled lizards
  A kobold (D:1)
  4 rats
61 creatures vanquished.

Vanquished Creatures (others)
  A plant (D:1)
1 creature vanquished.

Grand Total: 62 creatures vanquished

Notes
Turn   | Place    | Note
-------+----------+-------------------------------------------
     0 | D:1      | Nickssm the Gnoll Transmuter began the quest for the Orb.
     0 | D:1      | Reached XP level 1. HP: 17/17 MP: 6/6
   171 | D:1      | Reached XP level 2. HP: 19/23 MP: 7/7
   500 | D:1      | Learned a level 2 spell: Wereblood
   567 | D:1      | Found a faded altar of an unknown god.
   676 | D:1      | Reached skill level 5 in Spellcasting
   676 | D:1      | Reached XP level 3. HP: 28/28 MP: 7/9
  1152 | D:2      | Reached skill level 1 in Invocations
  1477 | D:2      | Reached skill level 1 in Short Blades
  1477 | D:2      | Reached skill level 1 in Long Blades
  1477 | D:2      | Reached skill level 1 in Axes
  1477 | D:2      | Reached skill level 1 in Maces & Flails
  1477 | D:2      | Reached skill level 1 in Polearms
  1477 | D:2      | Reached skill level 1 in Staves
  1477 | D:2      | Reached skill level 1 in Ranged Weapons
  1477 | D:2      | Reached skill level 1 in Throwing
  1477 | D:2      | Reached skill level 1 in Armour
  1477 | D:2      | Reached skill level 1 in Stealth
  1477 | D:2      | Reached skill level 1 in Shields
  1477 | D:2      | Reached skill level 1 in Evocations
  1659 | D:3      | Reached XP level 4. HP: 25/34 MP: 8/11
  1665 | D:3      | Reached skill level 1 in Conjurations
  1665 | D:3      | Reached skill level 1 in Hexes
  1665 | D:3      | Reached skill level 1 in Summonings
  1665 | D:3      | Reached skill level 1 in Necromancy
  1665 | D:3      | Reached skill level 1 in Translocations
  1665 | D:3      | Reached skill level 1 in Fire Magic
  1665 | D:3      | Reached skill level 1 in Ice Magic
  1665 | D:3      | Reached skill level 1 in Air Magic
  1665 | D:3      | Reached skill level 1 in Earth Magic
  1665 | D:3      | Reached skill level 1 in Poison Magic
  1898 | D:3      | Found Mykamump's One-of-a-Kind Rings.
  1918 | D:3      | Bought a +1 ring of slaying for 60 gold pieces
  2079 | D:3      | Reached XP level 5. HP: 40/40 MP: 12/12
  2543 | D:4      | Splashed by a jelly's acid

Illustrated notes

Levels and vault maps discovered:
D:1:      amcnicky_arrival_abandoned_market, layout_loops_ring,
          dilly_ecumenical_altar_fadedgnrine, chequers_serial_rivers_micro_e,
          minmay_tromino_mix6
D:2:      layout_basic, grunt_decor_clamped
D:3:      layout_rooms, grunt_ministairs_7, nicolae_shop_unique_rings,
          chequers_arboretum, minmay_fractal_squares_diagonal_5
D:4:      layout_loops_corners, mainiacjoe_overflow_catwalk,
          minmay_temple_entry_nine_rooms

Skill      XL: |  1  2  3  4 |
---------------+-------------+-----
Spellcasting   | 5 |  5.2
Invocations    | 1 |  1.6
Short Blades   | 1 |  1.4
Long Blades    | 1 |  1.4
Axes           | 1 |  1.4
Maces & Flails | 1 |  1.4
Polearms       | 1 |  1.4
Staves         | 1 |  1.4
Ranged Weapons | 1 |  1.4
Throwing       | 1 |  1.4
Armour         | 1 |  1.4
Stealth        | 1 |  1.4
Shields        | 1 |  1.4
Evocations     | 1 |  1.4
Conjurations   | 1 |  1.1
Hexes          | 1 |  1.1
Summonings     | 1 |  1.1
Necromancy     | 1 |  1.1
Translocations | 1 |  1.1
Fire Magic     | 1 |  1.1
Ice Magic      | 1 |  1.1
Air Magic      | 1 |  1.1
Earth Magic    | 1 |  1.1
Poison Magic   | 1 |  1.1
Fighting       | |  2.9
Dodging        | |  4.7
Unarmed Combat | |  6.7
Transmutations | |  3.9

Action                   |  1- 3 |  4- 6 || total
-------------------------+-------+-------++-------
Melee: Short sword       |    22 |       ||    22
       Bite              |    10 |    10 ||    20
       Kick              |     6 |     4 ||    10
       Headbutt          |    10 |     2 ||    12
       Punch             |     3 |     4 ||     7
       Dagger            |    95 |    83 ||   178
 Cast: Beastly Appendage |     6 |     3 ||     9
       Wereblood         |     2 |     3 ||     5
  Use: Potion            |       |     1 ||     1
 Stab: Sleeping          |     3 |     1 ||     4
Armor: Robe              |    22 |    12 ||    34
       Ring mail         |       |     1 ||     1
Dodge: Dodged            |    56 |    30 ||    86
